 Dungeon Crawl Stone Soup version 0.31-a0-431-g88bdf31460 (webtiles) character file.

Game seed: 4807896177316487079

7238 testman the Fighter (level 10, -9/103 HPs)
             Began as a Yellow Draconian Shapeshifter on July 31, 2023.
             Was an Elder of Qazlal.
             Killed by divine providence
             ... invoked by a smoke demon
              (16 damage)
             ... on level 9 of the Dungeon.
             The game lasted 00:33:29 (8862 turns).

testman the Fighter (Yellow Draconian Shapeshifter) Turns: 8862, Time: 00:33:30

Health: -9/103     AC:  7    Str: 27      XL:     10   Next: 88%
Magic:  10/16      EV: 15    Int: 14      God:    Qazlal [****..]
Gold:   1280       SH:  5    Dex: 15 (16) Spells: 9/9 levels left

rFire   . . .        u - +8 trident of the Octopus King {venom, rElec rPois}
rCold   . . .        (no shield)
rNeg    + + .        (body armour unavailable)
rPois   +            (helmet currently unavailable)
rElec   +            (cloak currently unavailable)
rCorr   +            (gloves currently unavailable)
SInv    .            (boots currently unavailable)
Will    .....        G - amulet of the acrobat
Stlth   +            L - ring of Downo {rN++ Str+6 Int+5 Dex-4}
HPRegen 0.37/turn    k - +6 ring of dexterity
MPRegen 0.15/turn

%: repel missiles, acrobat
@: beast-form
A: beast (slay +5), spit acid, AC +7, unfitting armour, cold-blooded, acid
resistance, thin skeletal structure 1, robust 1
a: Breathe Acid, Begin Untransformation, Renounce Religion, Upheaval, Elemental
Force


You were on level 9 of the Dungeon.
You worshipped Qazlal.
Qazlal was greatly pleased with you.
You were a hulking beast.
You visited 1 branch of the dungeon, and saw 9 of its levels.
You also visited: Sewer and Ossuary.

You collected 1709 gold pieces.
You spent 429 gold pieces at shops.

Inventory:

Hand Weapons
 d - a +2 whip of electrocution
 u - the +8 trident of the Octopus King (weapon) {venom, rElec rPois}
   (You found it on level 3 of the Dungeon)

   rElec:     It insulates you from electricity.
   rPois:     It protects you from poison.
Missiles
 n - 15 boomerangs
 v - 2 datura-tipped darts
 z - 2 curare-tipped darts
 C - 17 poisoned darts
Armour
 f - a +0 pair of gloves
Jewellery
 k - a +6 ring of dexterity (right hand)
 D - a ring of see invisible
 E - a ring of magical power
 G - an amulet of the acrobat (around neck)
 H - a ring of willpower
 L - the ring of Downo (left hand) {rN++ Str+6 Int+5 Dex-4}
   (You found it on level 8 of the Dungeon)

   [ring of strength]

   Str:       It affects your strength (+6).
   Int:       It affects your intelligence (+5).
   Dex:       It affects your dexterity (-4).
   rN:        It greatly protects you from negative energy.
 M - an amulet of guardian spirit
Talismans
 b - a beast talisman (active)
Wands
 N - a wand of digging (9)
Scrolls
 c - a scroll of vulnerability
 j - 3 scrolls of immolation
 l - a scroll of fog
 m - 2 scrolls of silence
 o - 2 scrolls of amnesia
 p - 4 scrolls of fear
 q - 4 scrolls of blinking
 r - a scroll of enchant weapon
 s - 3 scrolls of poison
 x - 3 scrolls of teleportation
 y - a scroll of brand weapon
 I - a scroll of revelation
 O - a scroll of identify
Potions
 a - 4 potions of lignification
 e - 4 potions of brilliance
 g - a potion of attraction
 h - a potion of haste
 i - 7 potions of curing
 t - 2 potions of might
 w - a potion of resistance
 A - a potion of cancellation
 B - 2 potions of mutation
 F - 5 potions of enlightenment
 J - a potion of ambrosia


   Skills:
 + Level 10.4 Fighting
 - Level 6.3 Dodging
 - Level 3.0 Unarmed Combat
 + Level 8.4 Invocations
 + Level 8.5 Shapeshifting


You had 9 spell levels left.
You didn't know any spells.
Your spell library contained the following spells:

 Spells                   Type           Power      Damage    Failure   Level
 Wereblood                Tmut           0%         N/A       41%         2
 Animate Dead             Necr           0%         N/A       96%         4
 Leda's Liquefaction      Hex/Erth       0%         N/A       96%         4
 Borgnjor's Vile Clutch   Necr/Erth      0%         N/A       100%        5
 Irradiate                Conj/Tmut      0%         3d11      100%        5
 Lee's Rapid Deconstruct  Erth           0%         3d4*      100%        5
 Death Channel            Necr           0%         N/A       100%        6
 Leda's Unmaking          Conj/Erth      0%         9d1       100%        6


Dungeon Overview and Level Annotations

Branches:
Dungeon (9/15)             Temple (0/1) D:7           Sewer (visited)
Ossuary (visited)
   Lair: D:8-11         Orc: D:9-12

Altars:
Ashenzari
Cheibriados
Dithmenos
Gozag
Hepliaklqana
Kikubaaqudgha
Nemelex Xobeh
Qazlal
Sif Muna
Uskayaw
Vehumet

Shops:
D:3 [*?*=   D:8 **

Annotations:
D:5 3 runed translucent doors, lovewater's ghost, novice MfBe
D:7 2 transporters, AwFulAwFulPlayer's ghost, novice OpMo


Innate Abilities, Weirdness & Mutations

You are a hulking beast.
Your limbs bulge with bestial killing power. (Slay +5)
You can spit globs of acid.
Your golden yellow scales are hard. (AC +7)
You cannot fit into any form of body armour.
You are cold-blooded and may be slowed by cold attacks.
You are resistant to acid. (rCorr)
You have a somewhat thin skeletal structure. (Dex +2, Stealth+)
You are robust. (+10% HP)


Message History

The ground shakes violently, spewing rubble!
The blast of rubble hits the sun demon!!
The sun demon is heavily wounded.
The blast of rubble hits the sixfirhy!
The sixfirhy is moderately wounded.
You can no longer call upon nature's wrath in a wide area around you.
The sun demon hits you!
You are engulfed in flames!
Aiming: Upheaval
Press: ? - help, Dir - move target, f/p - sixfirhy
Aim: a sixfirhy (moderately wounded)
A blizzard blasts the area with ice!
The blast of ice hits the chaos spawn!
The chaos spawn is heavily wounded.
The chaos spawn is flash-frozen.
The blast of ice hits the sixfirhy!
The sixfirhy is severely wounded.
The sixfirhy is flash-frozen.
You block the sun demon's attack. The sun demon barely misses you.
You puncture the sun demon!
The sun demon looks as sick as possible!
The sun demon is almost dead.
The chaos spawn is no longer encased in ice.
The sun demon hits you!
You are engulfed in flames!
You puncture the sun demon!
You kill the sun demon!
Qazlal accepts your kill.
The sixfirhy is no longer encased in ice.
The sixfirhy hits you. The sixfirhy shocks you. You resist.
The sixfirhy hits you. The sixfirhy shocks you. You resist.
* * * LOW HITPOINT WARNING * * *
The sixfirhy hits you!
* * * LOW HITPOINT WARNING * * *
The sixfirhy shocks you. You resist.
* * * LOW HITPOINT WARNING * * *
The sixfirhy hits you!
* * * LOW HITPOINT WARNING * * *
The sixfirhy shocks you. You resist.
* * * LOW HITPOINT WARNING * * *
The smoke demon gestures at you. Something smites you!
You die...

§≈P . ... .#
..###.###
#........ ###+####
#4....... #......#
#........
#....☼.###....../.
+....°§h343.......
#......###........
#......# #........
#......# ##.######
#####+## .. ##. #.
+.


You could see a sixfirhy, a smoke demon and a chaos spawn.

Vanquished Creatures
  A sun demon (D:9)
  The ghost of backslashecho the Insei, a novice OpSh of Uskayaw (D:8)
  Pikel (D:4)
  A smoke demon (D:8)
  An ice devil (D:8)
  A hornet (D:5)
  A neqoxec (D:8)
  A chaos spawn (D:8)
  4 yaks
  2 steam dragons (D:7)
  An acid dragon (D:7)
  4 orc warriors (D:8)
  4 black bears
  An ogre (D:5)
  A centaur (D:6)
  2 phantoms
  2 gnoll sergeants (D:8)
  2 kobold brigands (D:8)
  3 wyvern zombies (Ossuary)
  3 bullfrogs
  A water moccasin zombie (Ossuary)
  10 wights
  9 killer bees
  A howler monkey (D:5)
  3 centaur zombies (Ossuary)
  5 bullfrog zombies (Ossuary)
  2 quasits (D:8)
  3 hounds
  A jelly (D:5)
  4 orc priests
  A sleepcap (D:6)
  13 mummies (Ossuary)
  2 iguanas
  4 orc wizards
  A statue (D:5)
  6 killer bee zombies (Ossuary)
  A howler monkey zombie (Ossuary)
  14 adders
  9 gnolls
  4 river rats (Sewer)
  2 white imps
  A worm (D:4)
  5 dart slugs
  31 orcs
  3 bats
  5 endoplasms
  5 giant cockroaches
  4 goblins
  8 hobgoblins
  2 jackals (D:1)
  16 kobolds
  6 quokkas
  18 ball pythons
  3 frilled lizards
  34 rats
274 creatures vanquished.

Notes
Turn   | Place    | Note
-------+----------+-------------------------------------------
     0 | D:1      | testman the Draconian Shapeshifter began the quest for the
                  | Orb.
     0 | D:1      | Reached XP level 1. HP: 16/16 MP: 1/1
    89 | D:1      | Found a faded altar of an unknown god.
   252 | D:1      | Reached XP level 2. HP: 19/24 MP: 2/2
   467 | D:1      | Reached skill level 2 in Fighting
   885 | D:2      | Reached XP level 3. HP: 14/30 MP: 3/3
  1324 | D:3      | Found Meizyepi's General Store.
  1341 | D:3      | Bought a scroll of blinking for 105 gold pieces
  1364 | D:3      | Found Hygyhurch's Magic Scroll Shop.
  1368 | D:3      | Bought a scroll of identify for 24 gold pieces
  1374 | D:3      | Identified a scroll of acquirement
  1377 | D:3      | Acquired 1221 gold pieces
  1379 | D:3      | Bought a scroll of vulnerability for 48 gold pieces
  1379 | D:3      | Bought a scroll of revelation for 90 gold pieces
  1379 | D:3      | Bought a scroll of identify for 24 gold pieces
  1379 | D:3      | Bought a scroll of enchant weapon for 90 gold pieces
  1379 | D:3      | Bought a scroll of poison for 48 gold pieces
  1446 | D:3      | Reached skill level 3 in Fighting
  1517 | D:3      | Reached XP level 4. HP: 37/38 MP: 4/4
  1535 | D:3      | Found Widikkij's Assorted Antiques.
  1692 | D:3      | Found the +8 trident of the Octopus King {venom, rElec
                  | rPois}
  1756 | D:3      | Found Esudonk's Jewellery Boutique.
  2068 | D:3      | Found Foehe's Armour Emporium.
  2180 | D:4      | Found a glowing drain.
  2199 | D:4      | Noticed a lemure
  2200 | D:4      | Noticed Pikel
  2200 | D:4      | Noticed a lemure
  2206 | D:4      | Noticed a lemure
  2209 | D:4      | Killed Pikel
  2210 | D:4      | Reached skill level 5 in Fighting
  2210 | D:4      | Reached skill level 5 in Shapeshifting
  2210 | D:4      | Reached XP level 5. HP: 35/50 MP: 5/5
  2210 | D:4      | Reached XP level 6. HP: 40/57 MP: 6/6
  2210 | D:4      | Your scales start taking on a golden yellow colour.
  2210 | D:4      | Reached XP level 7. HP: 43/62 MP: 7/7
  2210 | D:4      | Gained mutation: You are resistant to acid. (rCorr) [Yellow
                  | Draconian growth]
  2232 | D:4      | Found a stormy altar of Qazlal.
  2235 | D:4      | Became a worshipper of Qazlal Stormbringer
  2259 | Sewer    | Entered a sewer
  2383 | Sewer    | Reached * piety under Qazlal
  2400 | Sewer    | Reached skill level 6 in Fighting
  2545 | Sewer    | Reached skill level 1 in Invocations
  3012 | D:4      | Reached ** piety under Qazlal
  3511 | D:5      | Entered Level 5 of the Dungeon
  3551 | D:5      | Found a sand-covered staircase.
  3563 | Ossuary  | Entered an ossuary
  3583 | Ossuary  | Reached XP level 8. HP: 54/71 MP: 9/9
  3776 | Ossuary  | Reached skill level 7 in Fighting
  4478 | D:5      | Reached XP level 9. HP: 75/80 MP: 12/12
  4493 | D:5      | Reached *** piety under Qazlal
  4575 | D:5      | Found a runed translucent gate.
  4575 | D:5      | Found a runed translucent gate.
  4575 | D:5      | Found a runed translucent gate.
  4582 | D:5      | Noticed lovewater's ghost (novice MfBe)
  4676 | D:5      | Paralysed by a hornet for 2 turns
  4680 | D:5      | Reached skill level 8 in Fighting
  4680 | D:5      | Reached skill level 5 in Invocations
  5125 | D:5      | Found a radiant altar of Vehumet.
  5426 | D:6      | Reached skill level 5 in Dodging
  5756 | D:6      | Found an ancient bone altar of Kikubaaqudgha.
  5761 | D:6      | Found an opulent altar of Gozag.
  5763 | D:6      | Found a shadowy altar of Dithmenos.
  5763 | D:6      | Found a hide-covered altar of Uskayaw.
  5764 | D:6      | Found a snail-covered altar of Cheibriados.
  5766 | D:6      | Found a sparkling altar of Nemelex Xobeh.
  5768 | D:6      | Found a broken altar of Ashenzari.
  6138 | D:7      | Reached **** piety under Qazlal
  6268 | D:7      | Found a shimmering blue altar of Sif Muna.
  6364 | D:7      | Found a transporter.
  6367 | D:7      | Noticed AwFulAwFulPlayer's ghost (novice OpMo)
  6381 | D:7      | Found a transporter.
  6557 | D:7      | Found a staircase to the Ecumenical Temple.
  6723 | D:8      | Reached skill level 9 in Fighting
  6725 | D:8      | Reached XP level 10. HP: 39/90 MP: 7/15
  7373 | D:8      | Identified the ring of Downo {rN++ Str+6 Int+5 Dex-4}
  7395 | D:8      | Found Bakioren's Neck Hole.
  7670 | D:8      | Found a hazy altar of Hepliaklqana.
  7792 | D:8      | Found Xuoninn's Assorted Antiques.
  7810 | D:8      | Noticed backslashecho's ghost (novice OpSh)
  7814 | D:8      | Found a runed translucent door.
  8149 | D:8      | Killed backslashecho's ghost
  8251 | D:9      | Noticed a smoke demon
  8254 | D:9      | Gained mutation: You are frail. (-10% HP) [a neqoxec]
  8256 | D:9      | Noticed a sixfirhy
  8256 | D:9      | Gained mutation: Your body sometimes deteriorates upon
                  | taking damage. [a neqoxec]
  8262 | D:8      | Reached skill level 10 in Fighting
  8263 | D:8      | Killed a smoke demon
  8264 | D:8      | Lost mutation: You are frail. (-10% HP) [potion of
                  | mutation]
  8264 | D:8      | Lost mutation: Your body sometimes deteriorates upon taking
                  | damage. [potion of mutation]
  8264 | D:8      | Gained mutation: You are robust. (+10% HP) [potion of
                  | mutation]
  8264 | D:8      | Gained mutation: You have a somewhat thin skeletal
                  | structure. (Dex +2, Stealth+) [potion of mutation]
  8612 | D:9      | Reached ***** piety under Qazlal
  8619 | D:8      | HP: 2/102 [ice devil (22)]
  8852 | D:9      | Noticed a sun demon
  8853 | D:9      | Noticed a smoke demon
  8858 | D:9      | Noticed a sixfirhy
  8862 | D:9      | Killed a sun demon
  8862 | D:9      | Killed from afar by a smoke demon

Illustrated notes

Levels and vault maps discovered:
D:1:      dpeg_arrival_yet_another_circle, layout_loops_ring,
          shapermc_ecumenical_altar_notcrosses
D:2:      layout_rooms
D:3:      layout_basic, serial_shops, nicolae_shop_peninsula, shop,
          nicolae_shop_back_alley_shop, shop, nicolae_square_shop,
          minmay_misc_feat_secret_circle
D:4:      layout_cave_pods, kennysheep_mini, portal_sewer_entry_a, uniq_pikel
D:5:      minmay_evil_eye, layout_basic, vehumet_statue,
          gammafunk_ghost_necromancy, chequers_ossuary_entry_cave
D:6:      layout_loops_ring, minitemple
D:7:      layout_basic, general_overflow_altar,
          minmay_temple_entry_statues_fountains, gammafunk_ghost_stat_death
D:8:      layout_gridville, mainiacjoe_overflow_alcove_4, serial_shops,
          nicolae_shop_competitors_out_of_business,
          hellmonk_ghost_happy_afterlife, nicolae_shop_sticking_my_neck_out
D:9:      layout_roguey, hangedman_ru_absence, orc_david_3, serial_demonic,
          serial_demonic_g, serial_demonic_c, serial_demonic_g,
          serial_demonic_c, serial_demonic_c, serial_demonic_e,
          serial_demonic_g, serial_demonic_d, serial_demonic_c, serial_demonic_e

Skill      XL: |  1  2  3  4  5  6  7  8  9 10 |
---------------+-------------------------------+-----
Fighting       | 2 3 5 6 7 9 10 | 10.4
Shapeshifting  | 5 6 7 8 |  8.5
Dodging        | 2 4 5 6 |  6.3
Invocations    | 2 4 6 8 |  8.4
Unarmed Combat | |  3.0

Action                     |  1- 3 |  4- 6 |  7- 9 | 10-12 || total
---------------------------+-------+-------+-------+-------++-------
  Melee: Whip              |    73 |    10 |       |       ||    83
         Tailslap          |    10 |     3 |    37 |    10 ||    60
         Punch             |     1 |     1 |    11 |     4 ||    17
         Trident           |       |    28 |   340 |   110 ||   478
 Invoke: Upheaval          |       |       |     2 |     2 ||     4
Ability: Breathe Acid      |       |       |     3 |     7 ||    10
    Use: Scroll            |    11 |     1 |    10 |     4 ||    26
         Potion            |       |       |     1 |     3 ||     4
   Stab: Sleeping          |     2 |     1 |       |       ||     3
         Confused          |       |       |     1 |       ||     1
 Armour: Skin              |    17 |     6 |    81 |    38 ||   142
  Dodge: Dodged            |    52 |    18 |   208 |   118 ||   396
         Repelled          |       |       |     2 |       ||     2
  Block: Other             |       |       |    42 |    30 ||    72

Table legend: (Time is in decaauts)
 A = Elapsed time spent in this place.
 B = Non-inter-level travel time spent in this place.
 C = Inter-level travel time spent in this place.
 D = Time resting spent in this place.
 E = Time spent auto-exploring this place.
 F = Levels seen in this place.
 G = Mean time per level.
                   A        B        C        D        E       F      G
               +--------+--------+--------+--------+--------+-----+--------+
         Total |   9089 |   8581 |    508 |    361 |   6593 |  11 |  826.3 |
       Dungeon |   7876 |   7368 |    508 |    361 |   5809 |   9 |  875.1 |
         Sewer |    407 |    407 |      0 |      0 |    250 |   1 |  407.0 |
       Ossuary |    806 |    806 |      0 |      0 |    534 |   1 |  806.0 |
               +--------+--------+--------+--------+--------+-----+--------+

Top non-repeatable levels by time:
     D:8: 1910 daAuts
     D:5: 1038 daAuts
     D:4: 1031 daAuts
     D:7: 873 daAuts
     D:3: 863 daAuts
     D:6: 830 daAuts
 Ossuary: 806 daAuts
     D:1: 801 daAuts
     D:2: 494 daAuts
   Sewer: 407 daAuts
     D:9: 32 daAuts
